 Dungeon Crawl Stone Soup version 0.29-a0-962-gc8bbfd0a37 (webtiles) character file.

Game seed: 11250914181578205812

63420 greasedhog the Corrupter of Planes (level 15, -2/94 HPs)
             Began as a Gargoyle Abyssal Knight on July 30, 2022.
             Was the Champion of Lugonu.
             Slain by Rupert
             ... wielding a +1 great mace of protection
              (13 damage)
             ... on level 2 of the Orcish Mines.
             The game lasted 00:48:07 (23200 turns).

greasedhog the Corrupter of Planes (GrAK)          Turns: 23200, Time: 00:48:08

Health: -2/94      AC: 34    Str: 28    XL:     15   Next: 9%
Magic:  0/26       EV: 16    Int: 13    God:    Lugonu [******]
Gold:   1803       SH:  0    Dex: 14    Spells: 12/14 levels left

rFire   + . .      SeeInvis .   a - +6 demon whip (distort)
rCold   + + .      Faith    .   (no shield)
rNeg    + . .      Spirit   +   k - +0 swamp dragon scales
rPois   ∞          Reflect  .   e - +2 helmet
rElec   +          Harm     .   O - +1 cloak of the Gloaming {rC++ Dex+4}
rCorr   .          Rampage  .   G - +2 pair of gloves {hurl}
Will    +....                   y - +2 pair of boots
Stlth   +.........              d - amulet of guardian spirit
HPRegen 0.25/turn               f - ring of protection from fire
MPRegen 0.20/turn               Q - +6 ring of strength

@: mighty, flying, hasted, very quick
A: sickness immunity, AC +11, big wings, negative energy resistance 1,
electricity resistance, torment resistance 1, petrification resistance
a: Renounce Religion, Depart the Abyss, Bend Space, Banish, Corrupt, Enter the
Abyss


You were on level 2 of the Orcish Mines.
You worshipped Lugonu.
Lugonu was exalted by your worship.
You visited 4 branches of the dungeon, and saw 19 of its levels.
You visited the Abyss 1 time.
You also visited: Ice Cave.

You collected 2391 gold pieces.
You spent 588 gold pieces at shops.

Inventory:

Hand Weapons
 a - a +6 demon whip of distortion (weapon)
 b - the +6 sling "Iwkeddac" {vorpal, Will+ Str+4}
   (You found it in an ice cave)

   Any ammunition fired from it inflicts extra damage upon your enemies.
   Str:       It affects your strength (+4).
   Will:      It increases your willpower.
 h - a +2 morningstar of holy wrath
Missiles
 l - 7 poisoned darts (quivered)
 A - 4 atropa-tipped darts
 B - 6 curare-tipped darts
Armour
 e - a +2 helmet (worn)
 k - +0 swamp dragon scales (worn)
 y - a +2 pair of boots (worn)
 G - a +2 pair of gloves of hurling (worn)
 O - the +1 cloak of the Gloaming (worn) {rC++ Dex+4}
   (You found it on level 1 of the Lair of Beasts)

   Dex:       It affects your dexterity (+4).
   rC:        It greatly protects you from cold.
Jewellery
 d - an amulet of guardian spirit (around neck)
 f - a ring of protection from fire (left hand)
 w - a +4 ring of evasion
 x - a ring of see invisible
 Q - a +6 ring of strength (right hand)
 W - a ring of protection from cold
Wands
 g - a wand of digging (20)
 p - a wand of flame (24)
 C - a wand of paralysis (1)
 D - a wand of mindburst (6)
 F - a wand of iceblast (11)
 U - a wand of acid (4)
Scrolls
 m - 2 scrolls of magic mapping
 n - 6 scrolls of identify
 r - 4 scrolls of enchant armour
 u - 5 scrolls of blinking
 v - 5 scrolls of fog
 z - 2 scrolls of amnesia
 E - a scroll of vulnerability
 I - 5 scrolls of teleportation
 K - a scroll of brand weapon
 P - 2 scrolls of fear
Potions
 c - 4 potions of magic
 i - 4 potions of lignification {unknown}
 j - a potion of curing
 o - 4 potions of degeneration {unknown}
 q - 2 potions of ambrosia
 s - a potion of berserk rage {unknown}
 t - a potion of cancellation {unknown}
 H - 2 potions of mutation {unknown}
 J - 6 potions of brilliance {unknown}
 L - a potion of might
 M - a potion of invisibility {unknown}
 N - a potion of heal wounds {unknown}
 R - a potion of flight {unknown}
 T - 3 potions of attraction {unknown}
Miscellaneous
 V - a condenser vane


   Skills:
 - Level 11.0 Fighting
 - Level 12.0 Maces & Flails
 - Level 10.3 Armour
 - Level 10.0 Dodging
 - Level 3.1 Transmutations
 * Level 14.9 Invocations
 * Level 6.9 Evocations


You had 12 spell levels left.
You knew the following spells:

 Your Spells              Type           Power      Damage    Failure   Level
a - Wereblood             Tmut           8%         N/A       19%         2

Your spell library contained the following spells:

 Spells                   Type           Power      Damage    Failure   Level
 Beastly Appendage        Tmut           16%        N/A       12%         1
 Necrotise                Necr           0%         1d4       38%         1
 Spider Form              Tmut/Pois      4%         N/A       56%         3
 Dazzling Flash           Conj/Hex       0%         N/A       77%         3
 Inner Flame              Hex/Fire       0%         N/A       77%         3
 Ozocubu's Armour         Ice            0%         N/A       77%         3
 Vampiric Draining        Necr           0%         2d6       77%         3
 Animate Dead             Necr           0%         N/A       99%         4
 Fulminant Prism          Conj/Hex       0%         3d6       99%         4
 Iskenderun's Mystic Bla  Conj/Tloc      0%         2d3       99%         4
 Agony                    Necr           0%         N/A       100%        5
 Borgnjor's Vile Clutch   Necr/Erth      0%         N/A       100%        5
 Iskenderun's Battlesphe  Conj           0%         2d6       100%        5
 Lee's Rapid Deconstruct  Erth           0%         3d5*      100%        5
 Silence                  Hex/Air        0%         N/A       100%        5
 Summon Forest            Summ/Tloc      0%         N/A       100%        5
 Summon Mana Viper        Hex/Summ       0%         N/A       100%        5
 Death Channel            Necr           0%         N/A       100%        6
 Eringya's Noxious Bog    Tmut/Pois      2%         N/A       100%        6
 Iron Shot                Conj/Erth      0%         9d1       100%        6
 Ozocubu's Refrigeration  Ice            0%         4d5       100%        7
 Spellforged Servitor     Conj/Summ      0%         N/A       100%        7
 Summon Hydra             Summ           0%         N/A       100%        7


Dungeon Overview and Level Annotations

Branches:
Dungeon (11/15)            Temple (1/1) D:7            Lair (5/5) D:10
 Shoals (0/4) Lair:3        Snake (0/4) Lair:3        Slime (0/5) Lair:5
    Orc (2/2) D:9           IceCv (visited)
    Elf: Orc:2

Altars:
Ashenzari
Fedhas
Gozag
Kikubaaqudgha
Qazlal
Ru
Sif Muna
Trog
Wu Jian
Xom
Zin
The Shining One
Jiyva

Shops:
D:7 :   D:9 =[((   D:10 [   Orc:2 !

Annotations:
D:7 2 transporters, Caestello's ghost, amateur DrAE
Orc:2 Donald; Rupert
Abyss:1 Erica; Menkaure; Snorg


Innate Abilities, Weirdness & Mutations

You are immune to sickness and miasma.
Your stone body is resilient. (AC +11)
You are immune to poison.
Your large and strong wings let you fly.
You resist negative energy. (rN+)
You are resistant to electric shocks. (rElec)
You are resistant to unholy torment.
You are immune to petrification.


Message History

a +0 short sword; a +0 chain mail Rupert rages.
Things that are here:
a +0 trident; an orc skeleton
Items here: ( )))) [[[[ †.
Rupert attacks as you move away!
Rupert hits you with a +1 great mace of protection!!
* * * LOW HITPOINT WARNING * * *
Rupert misses you.
You see here a +0 war axe.
Space bends violently around you!
You blink.
Donald says, "The Vaults look kind of boring."
Donald gestures wildly while chanting.
Donald seems to grow stronger.
Donald says, "Are you going to banish me, too?"
Press: ? - help, Shift-Dir - straight line, f/p - Donald
Aim: Donald, wielding a +2 long sword of protection, wearing a +0 plate armour and wearing a +0 kite shield of reflection (almost dead, fast, strong, poisoned, reflecting blocked projectiles, chance to affect: 26%) Rupert easily resists.
Donald says, "I prefer the Lair of the Beasts, to be honest.
At least animals don't complain."
Rupert barely misses you.
You feel better. Rupert closely misses you.
Donald says, "That colour you're wearing?
I hate that."
Donald misses you.
You feel yourself speed up.
Donald looks more healthy.
Rupert barely misses you.
Donald hits you with a +2 long sword of protection!
* * * LOW HITPOINT WARNING * * *
Rupert hits you with a +1 great mace of protection!
* * * LOW HITPOINT WARNING * * *
You feel better. Donald barely misses you.
You feel very mighty all of a sudden. Rupert closely misses you.
Donald hits you with a +2 long sword of protection!
* * * LOW HITPOINT WARNING * * *
Donald attacks as you move away! Donald hits you but does no damage.
There is a stone staircase leading up, spattered with blood here.
Things that are here:
a +0 broad axe; a +0 plate armour; 4 gold pieces Rupert hits you with a +1 great mace of protection!
You die...

#.................##....#....
#................###......##
##................#........#
###........##..........#.##
##.....<####.............#
#.......# ###.#.......#..#
###....####.#..##.##.##...
#....#.#......#######..#
##.)#)[@[......# #...#
###.)@##.###### #####
#..)@.#.# ##.))#### ###)##
#...# #.....#).###
#.....#))..# ##... ##)###


You could see Rupert (berserk) and Donald (fast, strong, reflecting).

Vanquished Creatures
  A fire dragon (Lair:5)
  3 boulder beetles
  5 hydras
  A centaur warrior (D:9)
  A two-headed ogre (D:10)
  An alligator (Lair:5)
  3 orc high priests (Orc:2)
  8 death yaks
  Amaemon (Lair:3)
  A bog body (IceCv)
  Pikel (D:4)
  2 orc knights (Orc:2)
  4 orc sorcerers (Orc:2)
  A manticore (Lair:5)
  7 torpor snails
  7 elephants
  2 merfolk sirens (Lair:3)
  4 black mambas
  An orange demon (Lair:3)
  A guardian serpent (Lair:3)
  An ice statue (IceCv)
  Maggie (Lair:2)
  3 rime drakes
  An anaconda simulacrum (IceCv)
  11 cane toads
  6 komodo dragons
  An entropy weaver simulacrum (IceCv)
  6 polar bears
  A troll (D:9)
  2 merfolk (Lair:3)
  3 tyrant leeches (Lair:5)
  7 hornets (Lair:5)
  Grinder (D:3)
  Prince Ribbit (D:6)
  A dream sheep (Lair:5)
  16 blink frogs
  A wraith (D:10)
  2 wyverns
  45 yaks
  5 basilisks
  A steam dragon (Lair:3)
  3 vampire mosquitoes (D:8)
  Grum (Lair:1)
  Edmund (D:6)
  A death yak simulacrum (IceCv)
  A harpy simulacrum (IceCv)
  An acid dragon (D:10)
  9 water moccasins
  16 orc warriors
  2 sky beasts (D:7)
  An ice beast (D:6)
  4 black bears
  4 ogres
  16 wolves
  4 lemures (D:4)
  5 kobold brigands
  11 bullfrogs
  7 scorpions
  A necrophage (D:5)
  6 two-headed ogre simulacra (IceCv)
  12 wights
  2 elephant simulacra (IceCv)
  6 killer bees
  An electric eel (Lair:2)
  5 hounds
  Crazy Yiuf (D:3)
  3 jellies
  18 orc priests
  3 iguanas
  5 hell rats
  12 orc wizards
  Natasha (thrice) (D:4)
  A polar bear simulacrum (IceCv)
  6 spriggan simulacra (IceCv)
  7 troll simulacra (IceCv)
  3 wolf simulacra (IceCv)
  Robin (D:3)
  3 gnolls (D:6)
  8 adders
  6 naga simulacra (IceCv)
  9 river rats (Lair:2)
  2 shadow imps
  3 white imps (IceCv)
  7 ufetubi (IceCv)
  2 worms
  4 dart slugs
  53 orcs
  7 ball pythons
  8 bats
  6 endoplasms
  5 giant cockroaches
  18 goblins
  6 hobgoblins
  4 jackals
  30 kobolds
  6 quokkas
  6 frilled lizards
  14 rats
561 creatures vanquished.

Vanquished Creatures (others)
  Eustachio (D:6)
  2 orc wizards
  27 fungi
  48 plants
78 creatures vanquished.

Grand Total: 639 creatures vanquished

Notes
Turn   | Place    | Note
-------+----------+-------------------------------------------
     0 | Abyss:1  | greasedhog the Gargoyle Abyssal Knight began the quest for
                  | the Orb.
     0 | Abyss:1  | Reached XP level 1. HP: 14/14 MP: 2/2
     1 | D:1      | Escaped the Abyss
    34 | D:1      | Reached XP level 2. HP: 15/19 MP: 3/3
   420 | D:1      | You fall into a shaft and drop 1 floor!
   436 | D:2      | Reached XP level 3. HP: 21/23 MP: 5/5
   478 | D:2      | Reached skill level 3 in Invocations
   581 | D:2      | Found a shimmering blue altar of Sif Muna.
   633 | D:2      | Reached *** piety under Lugonu
   734 | D:2      | Reached XP level 4. HP: 28/28 MP: 6/6
  1896 | D:3      | Identified the +4 hand axe of Popular Demand {freeze,
                  | Stlth+}
  2082 | D:3      | Noticed Robin
  2100 | D:3      | Reached skill level 4 in Invocations
  2124 | D:3      | Reached **** piety under Lugonu
  2128 | D:3      | Killed Robin
  2129 | D:3      | Reached XP level 5. HP: 13/32 MP: 8/8
  2456 | D:3      | Found a bloodstained altar of Trog.
  2458 | D:3      | Found an ancient bone altar of Kikubaaqudgha.
  2460 | D:3      | Found a shimmering altar of Xom.
  2569 | D:3      | Found a faded altar of an unknown god.
  2737 | D:3      | Found a runed translucent door.
  2738 | D:3      | Noticed Crazy Yiuf
  2754 | D:3      | Killed Crazy Yiuf
  3093 | D:3      | Reached XP level 6. HP: 28/37 MP: 9/9
  3188 | D:3      | Noticed Grinder
  3202 | D:3      | Paralysed by Grinder for 3 turns
  3207 | D:3      | Killed Grinder
  3208 | D:3      | Reached skill level 5 in Maces & Flails
  3208 | D:3      | Reached skill level 5 in Invocations
  3786 | D:4      | Reached XP level 7. HP: 39/41 MP: 11/11
  3928 | D:4      | Reached skill level 6 in Invocations
  4004 | D:4      | Noticed Natasha
  4009 | D:4      | Killed Natasha
  4457 | D:4      | Noticed Natasha
  4468 | D:4      | Killed Natasha
  4707 | D:4      | Noticed Pikel
  4721 | D:4      | Killed Pikel
  4722 | D:4      | Reached skill level 7 in Invocations
  4722 | D:4      | Reached XP level 8. HP: 46/46 MP: 11/13
  5153 | D:4      | Noticed Natasha
  5157 | D:4      | Killed Natasha
  5425 | D:5      | Entered Level 5 of the Dungeon
  5470 | D:5      | Reached skill level 8 in Invocations
  5581 | D:5      | Noticed Menkaure
  5585 | D:5      | Banished Menkaure
  5972 | D:5      | Reached XP level 9. HP: 40/53 MP: 15/15
  6127 | D:5      | Reached skill level 5 in Fighting
  6512 | D:6      | Noticed Eustachio
  6884 | D:6      | Noticed Edmund
  6998 | D:6      | Noticed Prince Ribbit
  7165 | D:6      | Killed Prince Ribbit
  7166 | D:6      | Reached skill level 5 in Armour
  7181 | D:6      | Killed Eustachio
  7182 | D:6      | Reached skill level 1 in Evocations
  7433 | D:6      | Killed Edmund
  7879 | D:7      | Found Riahuock's Book Boutique.
  7892 | D:7      | Found a transporter.
  7895 | D:7      | Noticed Caestello's ghost (amateur DrAE)
  7911 | D:7      | Reached skill level 10 in Maces & Flails
  7911 | D:7      | Reached XP level 10. HP: 31/59 MP: 16/16
  8240 | D:7      | Found a staircase to the Ecumenical Temple.
  8246 | Temple   | Entered the Ecumenical Temple
  8328 | D:7      | Found a transporter.
  8458 | D:7      | Found a broken altar of Ashenzari.
  8701 | D:8      | Learned a level 2 spell: Wereblood
  8741 | D:8      | Reached ***** piety under Lugonu
  9107 | D:8      | Found an opulent altar of Gozag.
  9187 | D:8      | Noticed a two-headed ogre
  9190 | D:8      | Banished a two-headed ogre
  9191 | D:8      | Reached skill level 5 in Evocations
 10107 | D:9      | Noticed a boulder beetle
 10287 | D:9      | Found Lekhea's Weapon Emporium.
 10447 | D:9      | Reached skill level 9 in Invocations
 10583 | D:9      | Noticed a centaur warrior
 10596 | D:9      | Killed a centaur warrior
 10597 | D:9      | Reached XP level 11. HP: 59/64 MP: 16/18
 10623 | D:9      | Found Dupt's Jewellery Emporium.
 11014 | D:9      | Found Jaapid's Antique Armour Shoppe.
 11022 | D:9      | Bought a pair of heavily runed boots for 228 gold pieces
 11022 | D:9      | Identified the +3 pair of boots of Xiwnu Hoto {Will- Str-4
                  | Dex+8 Stlth+} (You bought it in a shop on level 9 of the
                  | Dungeon)
 11046 | D:9      | Killed a boulder beetle
 11047 | D:9      | Reached skill level 1 in Transmutations
 11047 | D:9      | Reached skill level 10 in Invocations
 11206 | D:9      | Found Wialitann's Antique Weapon Emporium.
 11244 | D:9      | Found a shimmering blue altar of Sif Muna.
 11254 | D:9      | Found a glowing golden altar of the Shining One.
 11581 | D:9      | Found a staircase to the Orcish Mines.
 11780 | D:10     | Entered Level 10 of the Dungeon
 11862 | D:10     | Found Muky's Antique Armour Shop.
 11870 | D:10     | Bought a pair of glowing gloves for 240 gold pieces
 12090 | D:10     | Noticed a two-headed ogre
 12101 | D:10     | Killed a two-headed ogre
 12255 | D:10     | Found a staircase to the Lair.
 12367 | D:10     | Found a glowing silver altar of Zin.
 12393 | D:10     | Found an ornate altar of the Wu Jian Council.
 12461 | D:10     | Found a stormy altar of Qazlal.
 12548 | D:11     | Noticed a two-headed ogre
 12549 | D:11     | Noticed a cyclops
 12550 | D:11     | Noticed a white ugly thing
 12553 | D:10     | Banished a two-headed ogre
 12554 | D:10     | Reached skill level 1 in Dodging
 12599 | Lair:1   | Entered Level 1 of the Lair of Beasts
 12673 | Lair:1   | Noticed Grum
 12704 | Lair:1   | Killed Grum
 13240 | Lair:1   | Noticed a death yak
 13254 | Lair:1   | Banished a death yak
 13263 | Lair:1   | Reached XP level 12. HP: 72/72 MP: 16/20
 13293 | Lair:1   | Noticed a death yak
 13293 | Lair:1   | Noticed a death yak
 13293 | Lair:1   | Noticed a death yak
 13317 | Lair:1   | Killed a death yak
 13321 | Lair:1   | Killed a death yak
 13324 | Lair:1   | Killed a death yak
 13425 | Lair:1   | Identified the +1 cloak of the Gloaming {rC++ Dex+4}
 13606 | Lair:1   | Got the Spellbook of Jinxing
 14198 | Lair:1   | Upgraded the game from 0.29-a0-925-g0a7a3d12f8 to
                  | 0.29-a0-962-gc8bbfd0a37
 14290 | Lair:2   | You fall into a shaft and drop 2 floors!
 14308 | Lair:4   | Noticed a boulder beetle
 14339 | Lair:4   | Killed a boulder beetle
 14340 | Lair:4   | Reached skill level 5 in Dodging
 14641 | Lair:3   | Noticed Amaemon
 14668 | Lair:3   | Killed Amaemon
 14747 | Lair:3   | Found a staircase to the Snake Pit.
 14749 | Lair:3   | Noticed a boulder beetle
 14764 | Lair:3   | Killed a boulder beetle
 14841 | Lair:3   | Reached skill level 10 in Fighting
 15079 | Lair:2   | Noticed a death yak
 15079 | Lair:2   | Noticed a death yak
 15086 | Lair:2   | Noticed a death yak
 15091 | Lair:2   | Noticed a death yak
 15095 | Lair:2   | Noticed a death yak
 15110 | Lair:2   | Killed a death yak
 15123 | Lair:2   | Killed a death yak
 15134 | Lair:2   | Killed a death yak
 15135 | Lair:2   | Killed a death yak
 15136 | Lair:2   | Reached XP level 13. HP: 50/84 MP: 8/21
 15468 | Lair:2   | Noticed Maggie
 15483 | Lair:2   | Killed Maggie
 16243 | Lair:3   | Found a staircase to the Shoals.
 16547 | Lair:3   | Reached skill level 10 in Armour
 17457 | Lair:4   | Reached skill level 11 in Invocations
 17965 | Lair:5   | Entered Level 5 of the Lair of Beasts
 18417 | Lair:5   | Reached skill level 12 in Invocations
 18557 | Lair:5   | Gained mutation: Your large and strong wings let you fly.
                  | [Gargoyle growth]
 18557 | Lair:5   | Reached XP level 14. HP: 85/90 MP: 23/23
 18639 | Lair:5   | Found a runed translucent door.
 18640 | Lair:5   | Found a viscous altar of Jiyva.
 18643 | Lair:5   | Found a staircase to the Slime Pits.
 19326 | Lair:5   | Reached skill level 13 in Invocations
 19691 | Lair:5   | Found a runed translucent door.
 20122 | Lair:5   | Reached ****** piety under Lugonu
 20127 | Lair:5   | Identified a +6 demon whip of distortion (a +4 demon whip
                  | of venom corrupted by Lugonu)
 20127 | Lair:5   | Received a gift from Lugonu
 20844 | Orc:1    | Entered Level 1 of the Orcish Mines
 20844 | Orc:1    | Noticed Erica
 20844 | Orc:1    | Noticed Snorg
 20858 | Orc:1    | Banished Erica
 20861 | Orc:1    | Banished Snorg
 21151 | Orc:1    | Found a frozen archway.
 21225 | IceCv    | Entered an ice cave
 21241 | IceCv    | Reached skill level 10 in Dodging
 21313 | IceCv    | Reached skill level 14 in Invocations
 21373 | IceCv    | Identified the +6 sling "Iwkeddac" {vorpal, Will+ Str+4}
 22215 | Orc:2    | Entered Level 2 of the Orcish Mines
 22215 | Orc:2    | Noticed Rupert
 22289 | Orc:2    | Found Fifidoyn's Distillery.
 22298 | Orc:2    | Bought a potion of ambrosia for 120 gold pieces
 22993 | Orc:2    | Reached XP level 15. HP: 94/94 MP: 25/25
 23174 | Orc:2    | Noticed Donald
 23200 | Orc:2    | Slain by Rupert

Illustrated notes

Levels and vault maps discovered:
D:1:      matt_arrival_diagonals, layout_loops_ring
D:2:      layout_basic, basic_altar
D:3:      layout_loops_ring, gammafunk_temple_overflow_forgotten,
          hellmonk_ecumenical_altar_leap_of_faith, minmay_misc_feat_x,
          nrook_campfire, minivault_27, kennysheep_cross_bottleneck,
          minivault_19, kennysheep_big_empty_room, uniq_crazy_yiuf_cottage,
          uniq_robin, uniq_grinder
D:4:      layout_basic, uniq_natasha, uniq_pikel
D:5:      layout_basic, nicolae_overflow_hidden_temple, uniq_menkaure
D:6:      layout_rooms, st_stairs_12, lemuel_flamethrower_1, uniq_edmund,
          uniq_eustachio, uniq_prince_ribbit1
D:7:      layout_rooms, ashenzari_conservatory_becter,
          minmay_temple_entry_nine_rooms, serial_shops, shop_fountains,
          gammafunk_ghost_stat_death
D:8:      layout_basic, grunt_gozag_statues
D:9:      layout_big_octagon, mainiacjoe_overflow_big_doors, orc_0_dummy,
          serial_shops, nicolae_shop_trees, shop, shop,
          nicolae_shop_hallway_stairs
D:10:     layout_long_grid, zin_statuary, lemuel_doored_altar,
          pdpol_wu_jian_five_deadly_venoms, lair_entry_dummy, serial_shops,
          nicolae_diamond_shop
D:11:     layout_long_grid, laboratory, uniq_urug
Temple:   chequers_temple_sunken
Lair:1:   layout_layer_cave, serial_bayou_shore_a, serial_bayou_shore_b,
          uniq_grum
Lair:2:   layout_hall_layers, kennysheep_abandoned_house,
          infiniplex_staircase_pool, uniq_maggie
Lair:3:   layout_roguey, elwin_shoals_entry_stream,
          minmay_snake_entry_spellcaster, minmay_holes, uniq_amaemon
Lair:4:   layout_roguey
Lair:5:   wormcave, layout_cave_shapes, slime_entry_2, enter_volcano_2,
          minmay_shattered_shrine, grunt_megastairs_4, lemuel_fruit_fields,
          lemuel_fruit_tree
Orc:1:    layout_caves, portal_ice_cave_entry_animals_and_master, uniq_erica,
          uniq_snorg
Orc:2:    st_orc_congregation, layout_caves, serial_shops, nicolae_shop_crystal,
          basic_altar, mines3_lemuel, uniq_maurice, uniq_donald, uniq_rupert

Skill      XL: |  1  2  3  4  5  6  7  8  9 10 11 12 13 14 |
---------------+-------------------------------------------+-----
Invocations    | 3 4 5 7 8 9 10 12 14 | 14.9
Maces & Flails | 3 4 5 7 8 10 11 12 | 12.0
Fighting       | 4 5 7 10 11 | 11.0
Armour         | 5 8 10 | 10.3
Evocations     | 2 5 6 |  6.9
Transmutations | 3 |  3.1
Dodging        | 3 5 8 10 | 10.0

Action                   |  1- 3 |  4- 6 |  7- 9 | 10-12 | 13-15 || total
-------------------------+-------+-------+-------+-------+-------++-------
Melee: Mace              |    83 |   170 |   252 |   620 |       ||  1125
       Punch             |       |     1 |     5 |    11 |    20 ||    37
       Whip              |       |       |       |    18 |       ||    18
       Demon whip        |       |       |       |    57 |  1152 ||  1209
 Fire: Sling             |       |       |       |       |    32 ||    32
       Arbalest          |       |       |       |       |     2 ||     2
Throw: Dart              |       |       |    10 |    12 |     2 ||    24
 Cast: Wereblood         |       |       |       |     3 |     6 ||     9
Invok: Banish            |       |       |     5 |     7 |     3 ||    15
       Bend Space        |       |       |       |       |     2 ||     2
       Brand Weapon With |       |       |       |       |     1 ||     1
Evoke: Wand              |       |       |    10 |    23 |     2 ||    35
  Use: Scroll            |       |     9 |     3 |    12 |     3 ||    27
       Potion            |       |     1 |       |     4 |     6 ||    11
 Stab: Paralysed         |       |       |       |    11 |       ||    11
Armor: Leather armour    |    46 |       |       |       |       ||    46
       Chain mail        |    26 |   121 |   253 |   244 |       ||   644
       Troll leather arm |       |       |       |   179 |    26 ||   205
       Swamp dragon scal |       |       |       |       |   442 ||   442
Dodge: Dodged            |    63 |    87 |   126 |   338 |   584 ||  1198

Table legend: (Time is in decaauts)
 A = Elapsed time spent in this place.
 B = Non-inter-level travel time spent in this place.
 C = Inter-level travel time spent in this place.
 D = Time resting spent in this place.
 E = Time spent auto-exploring this place.
 F = Levels seen in this place.
 G = Mean time per level.
                   A        B        C        D        E       F      G
               +--------+--------+--------+--------+--------+-----+--------+
         Total |  22627 |  21361 |   1266 |   3594 |  13570 |  21 | 1077.5 |
       Dungeon |  12992 |  12107 |    885 |   2404 |   7633 |  11 | 1181.1 |
        Temple |      1 |      1 |      0 |      0 |      0 |   1 |    1.0 |
          Lair |   7448 |   7102 |    346 |    603 |   5073 |   5 | 1489.6 |
  Orcish Mines |   1659 |   1625 |     34 |    577 |    682 |   2 |  829.5 |
         Abyss |      1 |      1 |      0 |      0 |      0 |   1 |    1.0 |
      Ice Cave |    524 |    524 |      0 |     10 |    181 |   1 |  524.0 |
               +--------+--------+--------+--------+--------+-----+--------+

Top non-repeatable levels by time:
  Lair:5: 2585 daAuts
     D:3: 2072 daAuts
     D:5: 1693 daAuts
     D:4: 1668 daAuts
  Lair:1: 1664 daAuts
     D:8: 1638 daAuts
     D:9: 1465 daAuts
  Lair:3: 1308 daAuts
   Orc:1: 1202 daAuts
     D:1: 1086 daAuts
  Lair:2: 1025 daAuts
  Lair:4: 864 daAuts
    D:10: 859 daAuts
     D:2: 851 daAuts
     D:7: 836 daAuts
